[Event "FIDE WSTC Open 50 2025"]
[Site "Prague"]
[Date "2025.02.18"]
[Round "2.2"]
[White "Obsivac, Josef"]
[Black "Shabalov, Alexander"]
[Result "1/2-1/2"]
[Annotator "TA"]
[ECO "A40"]
[WhiteElo "2262"]
[BlackElo "2471"]
[PlyCount "88"]
[EventDate "2025.02.17"]
[EventType "team-tourn"]
[EventCountry "CZE"]
[SourceTitle "playchess.com"]
[Source "ChessBase"]
[SourceQuality "1"]
[TimeControl "40/5400+30:1800+30"]

1. d4 e6 2. c4 b6 3. Nf3 Bb7 4. Nc3 f5 5. g3 Nf6 6. Bg2 g6 7. O-O Bg7 {[%emt 0:00:05] A84: Dutch Defence: 2 c4 Miscellaneous.} 8. d5 O-O 9. Bf4 Na6 {[%emt 0:02:24] White has an edge.} 10. Rc1 Nc5 (10... Re8 $11) 11. b4 Nce4 12. Nb5 exd5 $146 (12... c5 $14) (12... c6 13. dxc6 Bxc6 14. Nfd4 Qe7 15. Be5 Qxb4 16. f3 Nc5 17. Bd6 Rfd8 18. a3 Qa5 {0-1 Cuenca Jimenez,J (2515)-Henderson de la Fuente,L (2487) ESP-ch rapid 2019 (6)}) 13. Bxc7 (13. Nxc7 $16 Rc8 14. cxd5 (14. Nxd5 Nxd5 15. cxd5 Nc3 $11)) 13... Qe7 $11 14. c5 Bc6 (14... Ne8 $11) 15. Nfd4 bxc5 16. bxc5 Rfc8 17. Bd6 Qd8 18. Bf4 $1 {[%emt 0:01:35] White is more active.} Qa5 19. Qd3 a6 {[%emt 0:02:42] Counterplay White} (19... Ne8 $14) 20. Nd6 $16 {[%emt 0:01:41][%csl Od6] Strong Square White (d6)} Rf8 21. Nb3 ({White should play} 21. f3 $16 {Nxc6 is the strong threat.} Nxd6 (21... Nxc5 $2 22. Qe3 $18) 22. Nxc6 (22. Bxd6 Rfe8 $14) (22. cxd6 Bb5 $14) 22... dxc6 23. cxd6 (23. Bxd6 Rfe8 $11)) 21... Qa4 (21... Qxa2 $11 22. Be5 Qa4) 22. Rc2 $36 {[%emt 0:02:17][%mdl 2048] White has some pressure.} Ng4 (22... Qb4 $11 {keeps the balance.}) 23. f3 g5 (23... Nxd6 $16 {was called for.} 24. Bxd6 (24. cxd6 Nf6 $18) 24... Ne5 25. Bxe5 Bxe5) 24. fxg4 $18 gxf4 25. Rxf4 ({Resist} 25. Nxf5 $6 fxg3 26. hxg3 Rae8 $16) 25... fxg4 26. Rxg4 Kh8 27. Nxe4 dxe4 28. Bxe4 Rab8 29. Bf3 Rb4 30. Bxc6 dxc6 31. Rgc4 Qb5 32. Qe4 Rxc4 33. Rxc4 Qb7 34. Qe6 Rf6 35. Qe8+ Rf8 36. Qe6 Rf6 $1 37. Qg4 Bh6 38. Rc3 {[%emt 0:01:33] Against Be3+} Qe7 39. Rd3 (39. Qd4 $18 {and White stays clearly on top.}) 39... Be3+ $16 {[%emt 0:00:58] [#]} 40. Kg2 $1 Qf8 {[%emt 0:00:57] [#] Prevents Qc8} 41. Rd1 (41. Rxe3 Rf2+ 42. Kg1 Rf1+ 43. Kg2 Qf2+ 44. Kh3 Qxe3 $11) (41. Qe4 $1 $16 Rf2+ 42. Kh3 Qh6+ 43. Qh4 Qxh4+ 44. Kxh4 Rxh2+ 45. Kg4) 41... Rf2+ $11 {[%emt 0:09:09] The position is equal.} 42. Kh3 Rf6 {[%emt 0:00:55] ...Rh6+ is the strong threat.} 43. Kg2 Rf2+ 44. Kh3 Rf6 $1 {[%emt 0:00:06] Prevents Qe6.   Weighted Error Value: White=0.30/Black=0.23 (precise)   Mistake:       	White=4     	Black=7      Inaccurate:     	White=3     	---        OK:         	White=10    	Black=12     Best:        	White=5     	Black=5      Strong:       	White=2     	Black=2} 1/2-1/2

[Event "FIDE WSTC Open 50 2025"]
[Site "Prague"]
[Date "2025.02.18"]
[Round "2.3"]
[White "Novikov, Igor"]
[Black "Holemar, David"]
[Result "0-1"]
[Annotator "TA"]
[ECO "E10"]
[WhiteElo "2490"]
[BlackElo "2150"]
[PlyCount "94"]
[EventDate "2025.02.17"]
[EventType "team-tourn"]
[EventCountry "CZE"]
[SourceTitle "playchess.com"]
[Source "ChessBase"]
[SourceQuality "1"]
[TimeControl "40/5400+30:1800+30"]

1. d4 Nf6 2. c4 e6 3. Nf3 c5 4. d5 b5 5. dxe6 fxe6 6. cxb5 d5 7. g3 Bd6 8. Nc3 {[%emt 0:03:06][%cal Oe2e4,Bb1c3,Bc3a4,Ba4c5,Bc5e6][%mdl 32] e4! is in the air E10: Blumenfeld Gambit.} d4 (8... Nbd7 $11 {remains equal.}) 9. Na4 $16 O-O $146 ({Predecessor:} 9... Bb7 10. Bh3 Bd5 11. O-O e5 12. Qc2 Nbd7 13. Bg5 O-O 14. Bxd7 Qxd7 15. Bxf6 Rxf6 16. Nxc5 Qg4 17. Ne1 Rc8 18. b4 Rh6 19. e4 dxe3 20. f3 Qxb4 21. Ncd3 Rxc2 22. Nxb4 Rcxh2 {0-1 Snorek,M (2097)-Dvorak,J (2204) CZE-chT2C 1112 2011 (7.8)}) 10. Bg2 {[%emt 0:06:01][%cal Ob2b4] White is better.} Bb7 {[%emt 0:01:11] [#]} 11. b4 {[%emt 0:07:49][%mdl 512] Wards off Qa5} cxb4 12. Qxd4 e5 13. Qe3 (13. Nxe5 $2 Bxg2 14. Rg1 Bxe5 15. Qxe5 Bd5 $19) ({White should play} 13. Qd1 $16) 13... Qa5 $11 14. Nc5 (14. Nxe5 $2 Bxg2 15. Nc4 Qxb5 $19 (15... Qxa4 $2 16. Rg1 $19)) 14... Bd5 (14... Qxb5 $2 15. Nxb7 (15. Nxe5 $2 Bxg2 16. Rg1 Bxc5 $19) 15... Qxb7 16. O-O $18) 15. O-O {[%emt 0:08:33] and Ng5 should not be overlooked} Qxb5 {[%emt 0:00:30] [#]} (15... Bxc5 $11 16. Qxc5 Nbd7) 16. Ne6 $1 $16 Rf7 {[%emt 0:21:36] A sharp opening} (16... Bxe6 $2 17. Nd4 Qd7 18. Nxe6 (18. Bxa8 $2 exd4 19. Qxd4 Nc6 $19) 18... Qxe6 19. Bxa8 $18) 17. Rd1 {[%emt 0:15:46] White plays in the center} (17. Nxe5 Re7 18. Nd4 Qb7 $19) 17... Nbd7 (17... Rd7 $16 {was worth a try.}) 18. Nfg5 $18 Re7 19. Bxd5 Nxd5 20. Qb3 N7f6 21. Be3 $2 (21. e4 $18) 21... Kh8 $1 $11 22. Ne4 Nxe4 23. Rxd5 Qxe2 24. Ng5 Nxg5 25. Bxg5 Re6 26. Rad1 Bf8 27. Rd7 Qg4 28. Be3 a5 29. Qd5 (29. Rd8 $11 Re8 30. R8d7) 29... Ree8 $17 30. Bc5 Bxc5 31. Qxc5 h6 ({Black should play} 31... a4 $17) 32. R1d6 $11 Qe4 33. Qc1 Qh7 34. Rc7 {[%emt 0:00:47] Against Rac8} Rad8 35. Qc6 Rf8 36. Rf7 Qb1+ $15 37. Kg2 Rxf7 38. Rxd8+ {[%emt 0:00:04][%mdl 4096] Endgame KQR-KQR. Black is a pawn up.} Kh7 39. Qa8 $2 {[%emt 0:00:37] [#]} (39. Qd5 $15 Qf5 40. f3) 39... Qf5 $2 ({Stronger than} 39... Qxa2 40. Rh8+ Kg6 41. Qe4+ Kh5 42. Qxe5+ Kg6 43. Qe4+ Rf5 44. Qc6+ Rf6 45. Qe4+ Rf5 46. Qc6+ Rf6 47. Qe4+ Rf5 $11) (39... Qc2 $1 $19 {[%cal Rc2f2] and Black stays clearly on top.} 40. Rh8+ Kg6 41. Qa6+ Rf6) 40. Rd2 (40. Rh8+ $17 Kg6 41. Qc6+ Rf6 42. Qe8+ Kg5 43. h4+ Kg4 44. Qc8) 40... e4 $19 {[%emt 0:00:28] Hoping for ...Qf3+.} 41. Qd5 Qf3+ 42. Kg1 a4 43. Qc4 {[%emt 0:04:49] Inhibits Rc7.} b3 44. axb3 (44. h4 $142) 44... axb3 45. Qc5 {[%emt 0:00:32] [#] Inhibits Ra7.} e3 $1 46. Qxe3 Qxe3 47. fxe3 Ra7 {[%emt 0:00:06] What a bad dream for White.   Weighted Error Value: White=0.62/Black=0.28 (precise)   Loses game:     	White=2     	Black=1      Missed win:     	White=1     	Black=1      Mistake:       	White=4     	Black=3      Inaccurate:     	White=2     	Black=3      OK:         	White=12    	Black=11     Best:        	White=6     	Black=8      Strong:       	---       	Black=1      Brilliant:      	White=1     	---} 0-1

[Event "FIDE WSTC Open 50 2025"]
[Site "Prague"]
[Date "2025.02.18"]
[Round "2.4"]
[White "Skacelik, Petr"]
[Black "Rachels, Stuart"]
[Result "0-1"]
[Annotator "TA"]
[ECO "D20"]
[WhiteElo "2132"]
[BlackElo "2466"]
[PlyCount "94"]
[EventDate "2025.02.17"]
[EventType "team-tourn"]
[EventCountry "CZE"]
[SourceTitle "playchess.com"]
[Source "ChessBase"]
[SourceQuality "1"]
[TimeControl "40/5400+30:1800+30"]

1. d4 d5 2. c4 dxc4 3. e4 e5 4. Nf3 Bb4+ 5. Bd2 Bxd2+ 6. Qxd2 exd4 7. Qxd4 {[%emt 0:01:16] 7.Nxd4 is more fashionable.} Nf6 8. Qxd8+ {[%emt 0:01:08] D20: Queen's Gambit Accepted: 3 e3 and 3 e4.} Kxd8 9. Nc3 Be6 10. Nd4 {[%emt 0:00:14] The position is equal.} Ke7 11. Nxe6 fxe6 12. Bxc4 Nc6 13. f3 Rad8 14. Rd1 Rxd1+ 15. Kxd1 e5 16. Ke2 $146 (16. Kd2 Rd8+ 17. Ke3 Nd4 18. Rc1 c6 19. Ne2 g5 20. Nxd4 Rxd4 21. Bd3 Kd6 22. a3 {½-½ Browne,W (2510)-Seirawan,Y (2635) US Open-91 Jacksonville 1990}) 16... Nd4+ 17. Ke3 c6 18. a3 b5 19. Bd3 a5 20. g3 Rd8 21. Rd1 g5 22. a4 b4 23. Ne2 c5 {[%emt 0:20:59][%cal Oc5c4] Black is much more active.} 24. Rc1 Kd6 25. h4 gxh4 26. g4 $2 (26. gxh4 $17 Nd7 27. Bb5) 26... h5 27. g5 {[%emt 0:05:14] [#]} Nh7 {[%emt 0:05:13] A dynamic duo of knights.} (27... Nd7 $1 $19 28. g6 Rf8) 28. g6 $17 Nf8 29. Rg1 {[%emt 0:03:13] [#]} Nfe6 (29... h3 $1 $17 {Threatens to win with ...h2.} 30. Rg5 (30. g7 $2 Nfe6 $17) 30... h4) 30. f4 $1 $15 {[%emt 0:00:10] Hoping for f5.} exf4+ 31. Nxf4 Nxf4 32. Kxf4 $11 {[%emt 0:00:00][%mdl 4096] Endgame KRB-KRN. Black is a pawn up.} Ne6+ 33. Ke3 Rg8 34. Rh1 Ke5 (34... Rxg6 $2 {perishes.} 35. e5+ (35. Rxh4 Rg3+ 36. Kd2 Rf3 $17) 35... Kxe5 36. Bxg6 $18) 35. Rxh4 Rxg6 36. Rxh5+ Rg5 37. Rh3 Nf4 38. Rf3 Rg4 39. Bf1 Rh4 40. Rg3 (40. Rf2 $11) 40... Ne6 $15 41. Bg2 c4 42. Bf3 $2 (42. Rg8 $11) 42... Rh2 $19 43. Be2 c3 44. bxc3 bxc3 45. Rg1 $2 (45. Bc4 c2 46. Rg1) 45... Rh3+ 46. Bf3 c2 47. Kf2 Nd4 {[%emt 0:03:01] Weighted Error Value: White=0.51/Black=0.12 (very precise)   Loses game:     	White=2     	---        Mistake:       	White=2     	Black=2      Inaccurate:     	White=2     	Black=1      OK:         	White=13    	Black=14     Best:        	White=3     	Black=4      Strong:       	White=1     	---} 0-1

[Event "FIDE WSTC Open 50 2025"]
[Site "Prague"]
[Date "2025.02.18"]
[Round "2.6"]
[White "Conquest, Stuart C"]
[Black "Jaksland, Tim"]
[Result "1/2-1/2"]
[Annotator "TA"]
[ECO "E03"]
[WhiteElo "2513"]
[BlackElo "2143"]
[PlyCount "84"]
[EventDate "2025.02.17"]
[EventType "team-tourn"]
[EventCountry "CZE"]
[SourceTitle "playchess.com"]
[Source "ChessBase"]
[SourceQuality "1"]
[TimeControl "40/5400+30:1800+30"]

1. d4 Nf6 2. c4 e6 3. g3 d5 4. Bg2 dxc4 5. Qa4+ Nbd7 6. Qxc4 a6 7. Be3 $1 {[%emt 0:02:10][%mdl 4] is currently scoring better than 7.Qc2. E03: Open Catalan: 5 Qa4+ Nbd7 6 Qxc4.} Bd6 8. Nh3 O-O 9. O-O e5 10. Qc2 Qe7 11. Nc3 exd4 $146 (11... c6 12. Rad1 h6 13. dxe5 Nxe5 14. Nf4 Re8 15. Bd4 Be6 16. Rfe1 Rad8 17. Nxe6 Qxe6 {1-0 Gleizerov,E (2378)-Pridorozhni,A (2514) Ekaterinburg Scerbin Memorial rapid 2024 (10)}) 12. Bxd4 Bc5 13. Rad1 Bxd4 14. Rxd4 Ne5 15. Nf4 c6 {[%emt 0:03:24] Dodges Ncd5} 16. Rfd1 Rb8 17. b3 Bd7 18. R1d2 Rfc8 19. Qd1 {[%emt 0:05:15] White is more active.} g6 20. h3 Kg7 (20... Rf8 $14) 21. Ne4 $16 Nxe4 22. Rxe4 Bf5 23. Re3 Qf6 (23... Kg8 $16 {might work better.}) 24. Rd4 (24. Rd6 $18 Rd8 25. Red3 Rxd6 26. Rxd6) 24... Re8 $1 $11 25. g4 Rbd8 $1 26. Rxd8 (26. gxf5 Rxd4 $15) 26... Rxd8 27. Qc1 Bxg4 {[%emt 0:00:59] [#]} 28. hxg4 $2 (28. Rxe5 Qxe5 29. hxg4 Qd4 $11) (28. Rg3 $1 $16 {keeps the pressure on.} Rd4 (28... g5 29. Rxg4 Kh6 30. Nd3 $16) 29. hxg4 Rxf4 (29... Qxf4 $2 30. e3 $18) 30. g5) 28... Qxf4 $19 {[%emt 0:00:14] Black attacks} 29. Qa1 f6 (29... Rd4 $1 $19 30. Rg3 Nxg4) 30. Re4 $17 Qd2 31. g5 {[%emt 0:00:32] Threatens to win with gxf6+.} Qd1+ (31... Qxg5 32. f4 Qg3 33. fxe5 $16) 32. Qxd1 Rxd1+ {[%emt 0:00:03][%mdl 4096] Endgame KRB-KRN. Black is a pawn up.} 33. Kh2 Kf7 (33... Rd2 $17 34. Bh3 Nf7 (34... Rxa2 35. Bc8 $17) 35. gxf6+ Kxf6 36. Re6+ Kg7) 34. Rh4 $11 Kg7 35. gxf6+ Kxf6 36. Rxh7 Rd2 37. f4 (37. Rxb7 $11 Rxe2 38. Kg3) 37... Nf7 $15 38. e4 {[%emt 0:00:18] [#]} (38. Bf3 $15) 38... Rxa2 $2 ({Black should play} 38... g5 $1 $19 {Threatens to win with ...Kg6.} 39. fxg5+ (39. e5+ $2 Kg6 $19) 39... Kg6 (39... Nxg5 40. Rxb7 Nxe4 41. Rb4 $11)) 39. e5+ $11 {[%emt 0:00:15] The position is equal.} Ke7 40. Kg3 Rb2 41. Bh3 Rxb3+ 42. Kf2 Rb2+ {[%emt 0:12:51] Weighted Error Value: White=0.24 (precise) /Black=0.23 (precise)   Loses game:     	White=1     	---        Missed win:     	---       	Black=1      Mistake:       	White=3     	Black=5      Inaccurate:     	White=1     	Black=4      OK:         	White=13    	Black=11     Best:        	White=6     	Black=2      Strong:       	---       	Black=2} 1/2-1/2

[Event "FIDE WSTC Open 50 2025"]
[Site "Prague"]
[Date "2025.02.18"]
[Round "2.7"]
[White "Nordenbaek, Jan"]
[Black "Hebden, Mark L"]
[Result "0-1"]
[Annotator "TA"]
[ECO "C55"]
[WhiteElo "2192"]
[BlackElo "2363"]
[PlyCount "98"]
[EventDate "2025.02.17"]
[EventType "team-tourn"]
[EventCountry "CZE"]
[SourceTitle "playchess.com"]
[Source "ChessBase"]
[SourceQuality "1"]
[TimeControl "40/5400+30:1800+30"]

1. e4 e5 2. Nf3 Nc6 3. Bc4 Nf6 4. d4 exd4 5. e5 Ne4 6. Qe2 Nc5 $1 7. O-O {[%emt 0:00:32] C56: Two Knights: 4 d4 exd4 5 0-0 Nxe4.} (7. c3 d3 8. Qe3 Be7 9. b4) 7... Ne6 8. Rd1 d5 9. exd6 {[%emt 0:00:37] The position is equal.} Bxd6 10. Bg5 Qd7 11. c3 {[%emt 0:02:52][%cal Rc3d4] White sacrificed a pawn} O-O 12. Bxe6 $146 (12. cxd4 {looks sharper.} Nxg5 13. Nxg5 Bf4 14. Nf3) (12. cxd4 h6 13. Be3 Nf4 14. Bxf4 Bxf4 15. Nc3 Re8 16. Qf1 a6 17. Nd5 Bd6 18. a4 {0-1 Aravindhan,A (2156)-Ruiz Buendia,M (2310) Sant Boi de Llobregat op 5th 2024 (10)}) 12... Qxe6 13. Qxe6 Bxe6 14. Nxd4 Nxd4 15. cxd4 {[%emt 0:01:31] White is weak on the light squares} h6 16. Be3 Rfe8 17. Nc3 Bd7 18. Rac1 a6 19. d5 Rad8 20. Rd2 Re7 {[%emt 0:02:47] Black is more active.} 21. h4 Rde8 22. Rdd1 f5 23. Re1 (23. a3 $15) 23... Kf7 24. Bd2 Kf6 25. Rxe7 Rxe7 26. g3 g5 27. hxg5+ hxg5 28. Kg2 c5 29. Rh1 Kg6 {[%emt 0:00:32] Prevents Rh6+.} 30. Rh8 Re8 {[%emt 0:00:16] Prevents Rg8+} 31. Rxe8 Bxe8 $15 {[%emt 0:00:07][%mdl 4096] Endgame KBB-KBN} 32. f4 g4 33. Nd1 Bb5 34. Ne3 {[%emt 0:03:32] Wards off Bc4} Bd3 35. Bc3 c4 36. Bd4 {[%emt 0:02:11] Prevents Bc5.} b5 37. Kf2 Kf7 38. Ke1 Bb4+ 39. Kd1 Ke7 40. Be5 Kd7 41. a3 Bc5 42. Kd2 Be4 43. a4 $2 {[%emt 0:02:29] [#] This costs White the game.} bxa4 $19 44. Bc3 Bd3 ({Weaker is} 44... Bxe3+ 45. Kxe3 Bxd5 46. Bg7 $11) 45. Ba5 a3 46. bxa3 Bxa3 47. Kc3 Bc5 48. Nxc4 {[%emt 0:00:00] [#]} (48. Kd2) 48... Bxc4 49. Kxc4 Bf2 {[%emt 0:00:00] Weighted Error Value: White=0.26 (precise) /Black=0.05 (flawless)   Loses game:     	White=1     	---        Mistake:       	White=2     	---        Inaccurate:     	White=4     	Black=4      OK:         	White=15    	Black=20     Best:        	White=1     	Black=2} 0-1

[Event "FIDE WSTC Open 50 2025"]
[Site "Prague"]
[Date "2025.02.18"]
[Round "2.8"]
[White "Emms, John M"]
[Black "Nielsen, Niels-Peter"]
[Result "1-0"]
[Annotator "TA"]
[ECO "B30"]
[WhiteElo "2409"]
[BlackElo "2086"]
[PlyCount "71"]
[EventDate "2025.02.17"]
[EventType "team-tourn"]
[EventCountry "CZE"]
[SourceTitle "playchess.com"]
[Source "ChessBase"]
[SourceQuality "1"]
[TimeControl "40/5400+30:1800+30"]

1. e4 c5 2. Nf3 Nc6 3. Bb5 a6 4. Bxc6 dxc6 5. d3 g6 6. h3 {[%emt 0:06:20] B30: Sicilian: 2...Nc6 3 Bb5, lines without ...g6.} Bg7 7. Nc3 Nf6 8. Be3 {[%emt 0:03:07] White is slightly better.} Nd7 9. Qd2 Qb6 10. Rb1 Bxc3 $146 (10... O-O $14) (10... Qc7 11. Bh6 Bf6 12. O-O b6 13. Ne2 Bb7 14. Ng5 c4 15. dxc4 Ne5 16. b3 Rd8 {1-0 Luers,C (1800)-Ottenweller,W (1964) IECG RI.2006.0.00050}) 11. Qxc3 $16 Qb4 12. Qd2 Qxd2+ 13. Nxd2 b6 14. g4 f6 15. Ke2 Nf8 16. Nc4 Rb8 17. b4 cxb4 18. Nxb6 {[%emt 0:00:28] White has more active pieces.} a5 19. a3 Nd7 (19... bxa3 $16 20. Rb3 h5) 20. Nxc8 $18 Rxc8 21. axb4 axb4 22. Rxb4 h5 23. g5 Kf7 24. Rb7 Ke6 25. Rg1 {[%emt 0:01:40] and gxf6 should not be overlooked} Rb8 26. Rxb8 Rxb8 27. gxf6 Kxf6 {[%emt 0:00:17][%mdl 4096] Endgame KRB-KRN. White is a pawn up.} 28. h4 Kf7 (28... Ra8 29. Bd4+ Kf7) 29. Ra1 Rb7 30. Ra6 Nb8 31. Ra8 Rb1 (31... Nd7 {was worth a try.} 32. d4 Rb2) 32. Ra7 {[%emt 0:02:22] White is winning.} Ke6 33. Rc7 Kd6 {[%emt 0:01:22] [#]} 34. Rc8 Nd7 35. Rg8 Rg1 36. Bg5 {[%emt 0:00:42] Weighted Error Value: White=0.07 (flawless) /Black=0.18 (very precise)   Mistake:       	---       	Black=4      OK:         	White=17    	Black=9      Best:        	White=1     	Black=1} 1-0

[Event "FIDE WSTC Open 50 2025"]
[Site "Prague"]
[Date "2025.02.18"]
[Round "2.9"]
[White "Hjartarson, Johann"]
[Black "Davies, Nigel R"]
[Result "1/2-1/2"]
[Annotator "TA"]
[ECO "B42"]
[WhiteElo "2464"]
[BlackElo "2294"]
[PlyCount "83"]
[EventDate "2025.02.17"]
[EventType "team-tourn"]
[EventCountry "CZE"]
[SourceTitle "playchess.com"]
[Source "ChessBase"]
[SourceQuality "1"]
[TimeControl "40/5400+30:1800+30"]

1. e4 c5 2. Nf3 e6 3. d4 cxd4 4. Nxd4 a6 5. Bd3 Bc5 6. Nb3 Ba7 7. O-O Nc6 8. Qg4 Qf6 {[%emt 0:02:33] B42: Sicilian: Kan Variation: 5 Bd3.} 9. Nc3 Nge7 10. Qg3 {[%emt 0:01:16][%csl Oc8][%cal Oe4e5] Black has a bad bishop} Qg6 {[%emt 0:10:05] The position is equal.} 11. Bf4 f6 12. Bd6 $146 ({Predecessor:} 12. Qxg6+ Nxg6 13. Bd6 Bb8 14. Bxb8 Rxb8 15. f4 b5 16. a4 b4 17. Ne2 Ke7 18. a5 {1-0 Dhyana,P (2023)-Jing,A (2259) New York President's Day IM-C 2025 (4)}) 12... Qxg3 13. hxg3 {[%emt 0:00:20] A sharp opening} Bb8 14. Bxb8 Rxb8 15. Rad1 Kd8 16. f4 Kc7 17. Kf2 d6 18. Rd2 Bd7 19. Nd1 b5 (19... h5 $11) 20. Ne3 a5 21. c3 {[%emt 0:10:15] White is more active.} a4 22. Nc1 Na5 23. Nc2 (23. Rfd1 $14) 23... Nec6 (23... Nb7 $11) 24. a3 (24. Be2 $14) 24... Nb7 $11 25. Nb4 (25. Bxb5 Nc5 26. Bd3 (26. Bxc6 $2 Bxc6 27. e5 Ne4+ 28. Ke3 dxe5 $19) 26... Rxb2 $17) 25... Nc5 {[%emt 0:00:14] Prevents Na6+.} 26. Bc2 (26. Ke3 {with more complications.} h5 27. Rfd1 Na5 28. Be2) 26... Na5 27. Re2 $1 Rbd8 28. Bb1 Bc8 29. Ba2 Bb7 30. Rfe1 Nc4 31. Ncd3 Rhe8 32. g4 h6 33. g3 Kb6 34. Bb1 (34. Kg1 $15) 34... e5 (34... Rh8 $17 {and ...h5 should not be overlooked} 35. Ba2 Nxd3+ 36. Nxd3 h5) 35. Nd5+ Bxd5 {[%emt 0:00:09][%csl Oc4] Strong Square Black (c4)} 36. exd5 Nxd3+ 37. Bxd3 Kc5 38. Bg6 Re7 39. Rd1 Rdd7 {[%emt 0:00:23] [#]} (39... Nb6 $5 40. Bc2 Nxd5 41. b4+ axb3 42. Bxb3 Nb6 (42... Nxc3 $2 43. Rc1 $17) 43. fxe5 fxe5 $17) 40. Bf5 Rd8 41. Be6 ({White should try} 41. Bg6 $1 $11) 41... Kb6 42. Kf3 {[%emt 0:00:00] Weighted Error Value: White=0.18 (very precise) /Black=0.13 (very precise)   Mistake:       	White=4     	Black=3      Inaccurate:     	White=3     	Black=3      OK:         	White=5     	Black=17     Best:        	White=4     	Black=1      Strong:       	White=1     	---} 1/2-1/2

[Event "FIDE WSTC Open 50 2025"]
[Site "Prague"]
[Date "2025.02.18"]
[Round "2.10"]
[White "Dishman, Stephen"]
[Black "Thorhallsson, Throstur"]
[Result "0-1"]
[Annotator "TA"]
[ECO "A14"]
[WhiteElo "2273"]
[BlackElo "2394"]
[PlyCount "92"]
[EventDate "2025.02.17"]
[EventType "team-tourn"]
[EventCountry "CZE"]
[SourceTitle "playchess.com"]
[Source "ChessBase"]
[SourceQuality "1"]
[TimeControl "40/5400+30:1800+30"]

1. Nf3 d5 2. c4 e6 3. g3 Nf6 4. Bg2 Be7 5. O-O O-O 6. d4 dxc4 7. Ne5 Nc6 8. Bxc6 bxc6 9. Nxc6 Qe8 10. Nxe7+ Qxe7 11. Qa4 e5 12. dxe5 Qxe5 13. Qxc4 Be6 {[%emt 0:02:36] E05: Open Catalan: 5 Nf3 Be7.} 14. Qd3 Rad8 15. Qe3 Qh5 {[%emt 0:01:37] The position is equal.} 16. f3 {[%emt 0:00:14][%cal Oe3g5] Wards off Ng4} Rfe8 17. Qg5 Qh3 18. Qc5 {[%emt 0:00:15][%csl LRa7,LRc7] Dodges Bc4} Nd5 $146 {[%emt 0:22:15] [#] Dodges Nc3} (18... Bc8 $14 19. Nc3 Ba6) (18... Bd5 19. e4 Nxe4 20. fxe4 Bxe4 21. Qf2 Bb7 22. Nc3 Re7 23. Bf4 Rde8 24. Rad1 h6 {½-½ Lima,D (2514)-Leitao,R (2565) Sao Paulo zt 2.4 2000 (7)}) 19. e4 $1 $16 Nb6 20. Nc3 Nd7 21. Qg5 {[%emt 0:15:22] [#]} (21. Qxa7 Bc4 22. Rf2 Ne5 $14) (21. Qxc7 $16 {[%cal Oc1f4] Bf4! would now be deadly.} Ne5 22. Bf4 (22. Qxe5 Bc4 $15)) 21... Ne5 $1 $40 {[%emt 0:06:58][%mdl 128] White needs to defend precisely.} 22. Qxe5 (22. Bf4 $5 f6 23. Qh4 Qxh4 24. gxh4 $11) 22... Bc4 23. Qxe8+ $1 Rxe8 24. Rd1 (24. Rf2 $11) 24... f5 {[%emt 0:01:05] Black is more active.} 25. Bf4 Qh5 26. Rd4 Ba6 27. Kg2 fxe4 28. fxe4 {[%emt 0:02:33] [#]} Bb7 {[%emt 0:05:08] Dodges Rd5. Chess con chili.} ({Better is} 28... g5 $1 $17 29. Be3 Be2) 29. Re1 $1 $15 Rf8 30. Rb4 $2 {[%emt 0:01:11][%mdl 8192] Now White is beyond hope.} ({White should try} 30. Kg1 $15) 30... Bc8 $19 31. h4 {[%emt 0:02:07] [#]} Rxf4 32. gxf4 Qg4+ ({Weaker is} 32... Qxh4 33. Re3 $17) 33. Kf2 Qxf4+ 34. Ke2 Ba6+ {[%emt 0:03:25] Black is clearly winning.} (34... Qxh4 35. Rb8 Kf7 36. Kd2 (36. Rf1+ $2 Kg6 $19) 36... Qf2+ 37. Re2 Qf4+ 38. Kc2 $17) 35. Kd1 Qd6+ (35... Qxh4 36. Rd4 $19) 36. Nd5 c6 37. Rd4 cxd5 38. Rxd5 Qb4 39. Rd2 Bc4 40. b3 Be6 {[%emt 0:00:36] ...Qc3 would now be deadly.} 41. Re3 Qc5 42. Rd8+ Kf7 43. Rf3+ Ke7 44. Rff8 Bg4+ 45. Kd2 Bd7 46. Ra8 Qd4+ {[%emt 0:00:22] Weighted Error Value: White=0.44/Black=0.12 (very precise)   Loses game:     	White=1     	---        Mistake:       	White=2     	Black=2      Inaccurate:     	White=2     	Black=2      OK:         	White=12    	Black=13     Best:        	White=4     	Black=5      Strong:       	White=3     	---        Brilliant:      	---       	Black=1} 0-1